 Dungeon Sprint DCSS version 0.21-a0-221-gfe971b9 (webtiles) character file.

5 IDKthis2c the Magician (level 1, 0/10 HPs)
             Began as a Deep Elf Wizard on Aug 24, 2017.
             Killed by nerve-wracking pain
             ... invoked by Jessica
              (10 damage)
             ... in the Dungeon (Sprint III: "The Ten Rune Challenge").
             The game lasted 00:01:23 (93 turns).

IDKthis2c the Magician (Deep Elf Wizard)              Turns: 93, Time: 00:01:24

Health: 0/10       AC:  2    Str:  4    XL:     1   Next: 66%
Magic:  7/9        EV: 13    Int: 22    God:
Gold:   0          SH:  0    Dex: 13    Spells: 11/12 levels left

rFire    . . .     SeeInvis .   (no weapon)
rCold    . . .     Gourm    .   (no shield)
rNeg     . . .     Faith    .   a - +0 robe
rPois    .         Spirit   .   b - +0 hat
rElec    .         Reflect  .   (no cloak)
rCorr    .         Harm     .   (no gloves)
MR       .....     NoTele   +   (no boots)
Stlth    ++........             (no amulet)
HPRegen  0.03/turn              (no ring)
MPRegen  0.11/turn              (no ring)

@: no status effects
A: no striking features
a: no special abilities


You were in the Dungeon.
You were not hungry.

You visited 1 branch

Inventory:

Armour
 a - a +0 robe (worn)
 b - a +0 hat (worn)
Scrolls
 j - a scroll of blinking
 k - a scroll of enchant armour {unknown}
Potions
 e - a potion of curing
 f - a potion of heal wounds
 g - a potion of haste
 h - 2 potions of magic
 i - a potion of berserk rage
Books
 c - a book of Minor Magic

   Spells                             Type                      Level
   a - Magic Dart                     Conjuration                  1
   b - Blink                          Translocation                2
   c - Call Imp                       Summoning                    2
   d - Slow                           Hexes                        2
   e - Conjure Flame                  Conjuration/Fire             3
   f - Mephitic Cloud                 Conjuration/Poison/Air       3
Comestibles
 d - a bread ration


   Skills:
 + Level 2.6 Dodging
 + Level 2.6 Stealth
 + Level 6.2 Spellcasting
 + Level 1.1 Conjurations
   Level 1.1 Summonings
   Level 1.1 Translocations


You had 11 spell levels left.
You knew the following spells:

 Your Spells              Type           Power        Failure   Level  Hunger
a - Magic Dart            Conj           ##..         6%          1    None


Dungeon Overview and Level Annotations

Branches:
Dungeon (1/1)

Altars:

Annotations:
D Jessica


Message History

Jessica the Apprentice Sorceress comes into view.
She is wielding a club.
Casting: Magic Dart
Confirm with . or Enter, or press ? or * to list all spells.
Aiming: Magic Dart
Press: ? - help, Shift-Dir - straight line, f - Jessica
Aim: Jessica, wielding a club and wearing a robe (resting)
The magic dart hits Jessica.
Jessica is lightly wounded.
Jessica shouts!
Casting: Magic Dart
Confirm with . or Enter, or press ? or * to list all spells.
Aiming: Magic Dart
Press: ? - help, Shift-Dir - straight line, f/p - Jessica
Aim: Jessica, wielding a club and wearing a robe (lightly wounded)
The magic dart hits Jessica.
Jessica is lightly wounded.
Jessica gestures at you while chanting. Pain shoots through your body!
Ouch! That really hurt!
You die...

▓▓▓▓▓▓▓▓▓
▓<..#$..####
▓...#......##
▓..##@......#
▓##.##.##.@.#
##.##.## #
▓#.####.#
▓.###..##
▓#.....#
###..##
##..## #..##


You could see Jessica.

Vanquished Creatures
  An ooze (D)
  A rat (D)
2 creatures vanquished.

Vanquished Creatures (others)
  A yaktaur (D)
1 creature vanquished.

Grand Total: 3 creatures vanquished

Notes
Turn   | Place    | Note
-------+----------+-------------------------------------------
     0 | D        | IDKthis2c the Deep Elf Wizard began the quest for the Orb.
     0 | D        | Reached XP level 1. HP: 10/10 MP: 7/7
    21 | D        | Reached skill level 6 in Spellcasting
    26 | D        | Killed a yaktaur
    91 | D        | Noticed Jessica
    93 | D        | Killed from afar by Jessica

Vault maps used:
D:        dungeon_sprint_mu

Skill      XL: |  1 |
---------------+----+-----
Spellcasting   | 6 |  6.2
Dodging        | |  2.6
Stealth        | |  2.6
Conjurations   | |  1.1
Summonings     | |  1.1
Translocations | |  1.1

Action                   || total
-------------------------++-------
 Cast: Magic Dart        ||     7
Dodge: Dodged            ||     2

Table legend:
 A = Spawn XP
 B = Non-spawn XP
 C = Spawn XP percentage of total XP
 D = Spawn monster count
 E = Non-spawn monster count
 F = Spawn count percentage of total count
 G = Total turns spent on level
                    A         B        C        D         E        F      G
               +---------+---------+-------+---------+---------+-------+---------
         Total |       0 |       8 |   0.0 |       0 |       2 |   0.0 |    93
               +---------+---------+-------+---------+---------+-------+---------
             D |       0 |       8 |   0.0 |       0 |       2 |   0.0 |    93
               +---------+---------+-------+---------+---------+-------+---------
